 Dungeon Crawl Stone Soup version 0.16-a0-715-g16937c4 (webtiles) character file.

93 Gorice the Twirler (level 4, 0/33 HPs)
             Began as a Demonspawn Wanderer on Sept 20, 2014.
             Slain by an adder (3 damage)
             ... on Level 3 of the Dungeon on Sept 21, 2014.
             The game lasted 00:12:38 (1830 turns).

Gorice the Twirler (Demonspawn Wanderer)            Turns: 1830, Time: 00:12:38

HP   0/33        AC  2     Str 13      XL: 4   Next: 37%
MP   4/4         EV 13     Int 17      God:
Gold 82          SH  0     Dex 16      Spells:  1 memorised,  2 levels left

rFire  . . .     SeeInvis .     a - +2 quarterstaff
rCold  . . .     Clarity  .     c - +0 robe
rNeg   . . .     rCorr    .     (no shield)
rPois  .         rRot     .     (no helmet)
rElec  .         Spirit   .     (no cloak)
SustAb .         Warding  .     (no gloves)
rMut   .         Stasis   .     (no boots)
Gourm  .                        (no amulet)
MR     +....                    o - ring of protection from magic
                                g - +2 ring of strength

@: brilliant, somewhat resistant to hostile enchantments, very unstealthy
A: powered by pain 2
a: no special abilities


You were on level 3 of the Dungeon.
You were not hungry.

You visited 1 branch of the dungeon, and saw 4 of its levels.

You collected 82 gold pieces.

Inventory:

Hand weapons
 a - a +2 quarterstaff (weapon)
 A - a +0 antimagic whip
Missiles
 m - 6 curare-tipped needles
 Z - 48 stones (quivered)
Armour
 c - a +0 robe (worn)
Comestibles
 d - a bread ration
 h - a rotting chunk of worm flesh
 j - a chunk of rat flesh
Scrolls
 b - a scroll of teleportation
 q - a scroll of amnesia {unknown}
 s - a scroll of remove curse
Jewellery
 f - an uncursed ring of invisibility
 g - a +2 ring of strength (left hand)
 o - a ring of protection from magic (right hand)
 r - an uncursed amulet of faith
Potions
 e - 2 potions of magic
 k - a potion of restore abilities


   Skills:
 - Level 2.0 Fighting
 * Level 3.0 Staves
 - Level 1.0 Throwing
 + Level 2.1 Dodging
   Level 1.0 Shields
   Level 1.7 Transmutations
   Level 2.6 Ice Magic


You had 2 spell levels left.
You knew the following spells:

 Your Spells              Type           Power        Failure   Level  Hunger
a - Sting                 Conj/Pois      ##..         3%          1    ##.....


Dungeon Overview and Level Annotations

Branches:
Dungeon (4/15)
 Temple: D:4-7

Altars:
Dithmenos
Nemelex Xobeh

Annotations:
D:3 Grinder


Innate Abilities, Weirdness & Mutations

You sometimes gain power by taking damage.


Message History

Found a club and 2 lumpy purple potions.
There is a stone staircase leading down here.
Drink which item? (? for menu, Esc to quit)
You feel magically purged.
It was a potion of cancellation.
Drink which item? (? for menu, Esc to quit)
You feel clever all of a sudden.
It was a potion of brilliance.
Throwing (i - inventory. (,) - cycle):
l - a tomahawk (quivered)
Press: ? - help, Shift-Dir - straight line, f - adder
Aim: an adder You throw a tomahawk.
The tomahawk closely misses the adder.
You sock the adder!
The adder is severely wounded.
The adder bites you.
* * * LOW HITPOINT WARNING * * *
Unknown command.
You miss the adder.
The adder is severely wounded.
The adder bites you.
You die...

#.# #.#
..#+#
#.#.#
#.#.#
#(#.#
...#
#####..#
#.....S#
+.....@#
#)...###
#######
#.!.
#....5.
#..
#.#####
## #. #.
#. #ยง
#.


You could see an adder.

Vanquished Creatures
  4 gnolls (D:2)
  An adder (D:2)
  2 worms
  A giant gecko (D:2)
  2 oozes (D:2)
  2 giant cockroaches
  A hobgoblin (D:1)
  2 jackals (D:1)
  4 kobolds
  A quokka (D:2)
  5 bats
  3 giant newts (D:1)
  3 goblins
  5 rats
36 creatures vanquished.

Notes
Turn   | Place    | Note
--------------------------------------------------------------
     0 | D:1      | Gorice, the Demonspawn Wanderer, began the quest for the Orb.
     0 | D:1      | Reached XP level 1. HP: 16/16 MP: 1/1
   416 | D:1      | Gained mutation: You sometimes gain a little power by taking damage. [demonic ancestry]
   416 | D:1      | Reached XP level 2. HP: 19/22 MP: 2/2
   426 | D:1      | Reached skill level 1 in Dodging
   770 | D:2      | Found a shadowy altar of Dithmenos.
   872 | D:2      | Gained mutation: You sometimes gain power by taking damage. [demonic ancestry]
   872 | D:2      | Reached XP level 3. HP: 7/27 MP: 3/3
  1162 | D:2      | Reached XP level 4. HP: 33/33 MP: 2/4
  1226 | D:2      | Upgraded the game from 0.16-a0-702-gf4f471d to 0.16-a0-715-g16937c4
  1273 | D:2      | Found a sparkling altar of Nemelex Xobeh.
  1513 | D:3      | Reached skill level 3 in Staves
  1533 | D:3      | Noticed Grinder
  1774 | D:3      | Noticed a sky beast
  1817 | D:4      | Noticed an ogre
  1830 | D:3      | Slain by an adder

Action                   |  1- 3 |  4- 6 || total
-------------------------+-------+-------++-------
Melee: Quarterstaff      |    43 |    32 ||    75
Throw: Stone             |     6 |     5 ||    11
       Tomahawk          |     6 |    18 ||    24
 Cast: Sting             |     4 |     2 ||     6
  Use: Scroll            |     3 |     1 ||     4
       Potion            |       |     3 ||     3
  Eat: Chunk             |     1 |     2 ||     3
